 Dungeon Crawl Stone Soup version 0.31-a0-237-g2d982f9f85 (webtiles) character file.

Game seed: 4682490466848167174

19 lunkers the Chucker (level 3, 0/29 HPs)
             Began as a Meteoran Wanderer on July 11, 2023.
             Slain by Robin
             ... wielding a +0 club
              (5 damage)
             ... on level 2 of the Dungeon.
             The game lasted 00:01:17 (253 turns).

lunkers the Chucker (Meteoran Wanderer)              Turns: 253, Time: 00:01:17

Health: 0/29       AC:  2    Str: 13    XL:     3   Next: 11%
Magic:  0/6        EV: 12    Int: 14    God:
Gold:   8          SH:  0    Dex: 15    Spells: 3/4 levels left

rFire   . . .        a - +3 dagger
rCold   . . .        (no shield)
rNeg    . . .        d - +0 robe
rPois   .            (no helmet)
rElec   .            (no cloak)
rCorr   .            (no gloves)
SInv    .            (no boots)
Will    .....        (no amulet)
Stlth   +            (no ring)
HPRegen 0.24/turn    (no ring)
MPRegen 0.10/turn

%: no passive effects
@: very slightly contaminated, glowing
A: sense surroundings 1, otherworldly, glowing, explore regen
a: no special abilities


You were on level 2 of the Dungeon.
You visited 1 branch of the dungeon, and saw 2 of its levels.

You collected 8 gold pieces.

Inventory:

Hand Weapons
 a - a +3 dagger (weapon)
Missiles
 b - 3 curare-tipped darts
 g - 3 poisoned darts
Armour
 d - a +0 robe (worn)
Scrolls
 c - a scroll of blinking
 f - a scroll of identify {unknown}
Potions
 e - a potion of cancellation {unknown}


   Skills:
 - Level 2.1 Fighting
 + Level 2.5 Short Blades
 - Level 4.8 Throwing
 - Level 1.2 Dodging
 - Level 1.0 Stealth
 - Level 1.3 Spellcasting
 - Level 1.2 Conjurations


You had 3 spell levels left.
You knew the following spells:

 Your Spells              Type           Power      Damage    Failure   Level
p - Shock                 Conj/Air       8%         1d3       21%         1

Your spell library contained the following spells:

 Spells                   Type           Power      Damage    Failure   Level
 Mephitic Cloud           Conj/Pois/Air  2%         N/A       54%         3


Dungeon Overview and Level Annotations

Branches:
Dungeon (2/15) Zot: 949

Altars:

Annotations:
D:1 1 runed translucent door
D:2 Robin


Innate Abilities, Weirdness & Mutations

You passively map a small area around you.
You are easily found by Zot.
You glow in the dark.
You regain HP and MP as you explore.


Message History

The hobgoblin is almost dead.
The zap hits Robin.
Robin is moderately wounded.
* * * LOW MAGIC WARNING * * *
Robin hits you with a +0 club.
* * * LOW HITPOINT WARNING * * *
You don't have enough magic to cast this spell.
Unknown command.
Unknown command.
Unknown command.
You hit Robin.
Robin is moderately wounded.
Robin hits you with a +0 club.
* * * LOW HITPOINT WARNING * * *
You hit Robin.
Robin is heavily wounded.
Robin roars a battlecry!
The goblin goes into a battle-frenzy!
The goblin hits you but does no damage.
Unknown command.
Aiming: Shock (safe; 21% risk of failure)
Press: ? - help, Q - select action, (/) - cycle Shift-Dir - straight line, f/p - hobgoblin
Aim: a hobgoblin (almost dead, strong, 64% to hit)
You miscast Shock.
You are very lightly contaminated with residual magic.
Nothing appears to happen.
* * * LOW MAGIC WARNING * * *
Robin barely misses you. The goblin barely misses you.
Unknown command.
You barely miss Robin.
Robin is heavily wounded.
Robin hits you but does no damage.
You hit Robin.
Robin is almost dead.
The goblin hits you with a +0 dagger.
* * * LOW HITPOINT WARNING * * *
Robin hits you with a +0 club.
* * * LOW HITPOINT WARNING * * *
Robin attacks as you move away! Robin hits you with a +0 club.
You die...

* , , #################
, .....g.gg.g.g.gg# * *
###..gg.#######g#*, *
#.....# #g# ,.....g...
* #@# ~
###g..........gg.......
#.g...#.#######.#####
*, ##.####.* *.# #. .#
# * * , , * * * , * * ,


You could see Robin, 3 hobgoblins and 2 goblins.

Vanquished Creatures
  2 endoplasms (D:1)
  A giant cockroach (D:1)
  2 hobgoblins
  A quokka (D:1)
  2 bats (D:1)
  A frilled lizard (D:1)
  7 goblins
16 creatures vanquished.

Notes
Turn   | Place    | Note
-------+----------+-------------------------------------------
     0 | D:1      | lunkers the Meteoran Wanderer began the quest for the Orb.
     0 | D:1      | lunkers set off with the following items: a +3 dagger, 3
                  | curare-tipped darts, a scroll of blinking, a +0 robe; and
                  | the following spell memorised: Shock; and the following
                  | spells available to memorise: Mephitic Cloud.
     0 | D:1      | Reached XP level 1. HP: 17/17 MP: 3/3
     1 | D:1      | Found a runed translucent door.
    59 | D:1      | Reached skill level 1 in Short Blades
   116 | D:1      | Reached XP level 2. HP: 20/24 MP: 0/5
   218 | D:2      | Noticed Robin
   239 | D:2      | Reached XP level 3. HP: 17/29 MP: 2/6
   253 | D:2      | Slain by Robin

Illustrated notes

Levels and vault maps discovered:
D:1:      dpeg_arrival_caged_fury, layout_basic, minmay_bisected
D:2:      layout_loops_ring, hellmonk_ecumenical_altar_pennies_from_heaven,
          serial_shops, shop, kennysheep_boxes, uniq_robin

Skill      XL: |  1  2 |
---------------+-------+-----
Short Blades   | 1 2 |  2.5
Fighting       | |  2.1
Throwing       | |  4.8
Dodging        | |  1.2
Stealth        | |  1.0
Spellcasting   | |  1.3
Conjurations   | |  1.2

Action                     || total
---------------------------++-------
  Melee: Dagger            ||    19
   Cast: Shock             ||    23
 Armour: Robe              ||    10
  Dodge: Dodged            ||    12

Table legend: (Time is in decaauts)
 A = Elapsed time spent in this place.
 B = Non-inter-level travel time spent in this place.
 C = Inter-level travel time spent in this place.
 D = Time resting spent in this place.
 E = Time spent auto-exploring this place.
 F = Levels seen in this place.
 G = Mean time per level.
                   A        B        C        D        E       F      G
               +--------+--------+--------+--------+--------+-----+--------+
         Total |    251 |    251 |      0 |      0 |    157 |   2 |  125.5 |
       Dungeon |    251 |    251 |      0 |      0 |    157 |   2 |  125.5 |
               +--------+--------+--------+--------+--------+-----+--------+

Top non-repeatable levels by time:
     D:1: 217 daAuts
     D:2: 33 daAuts
